 Dungeon Crawl Stone Soup version 0.24-a0-584-g9d6b971ae4 (webtiles) character file.

Game seed: 1617845351917628837, levelgen mode: deterministic

7 Mithandil the Skirmisher (level 1, -3/18 HPs)
             Began as a Demonspawn Abyssal Knight on Sept 5, 2019.
             Was a Follower of Lugonu.
             Slain by a worm (9 damage)
             ... on level 2 of the Dungeon.
             The game lasted 00:02:00 (375 turns).

Mithandil the Skirmisher (Demonspawn Abyssal Knight) Turns: 375, Time: 00:02:00

Health: -3/18      AC:  3    Str: 12    XL:     1   Next: 91%
Magic:  2/2        EV: 11    Int: 13    God:    Lugonu [*.....]
Gold:   29         SH:  0    Dex: 12    Spells: 0/0 levels left

rFire    . . .     SeeInvis .   a - +1 spear
rCold    . . .     Gourm    .   (no shield)
rNeg     . . .     Faith    .   b - +0 leather armour
rPois    .         Spirit   .   (no helmet)
rElec    .         Reflect  .   (no cloak)
rCorr    .         Harm     .   (no gloves)
MR       .....                  (no boots)
Stlth    +.........             (no amulet)
HPRegen  0.06/turn              (no ring)
MPRegen  0.08/turn              (no ring)

@: no status effects
A: no striking features
a: Depart the Abyss, Renounce Religion


You were on level 2 of the Dungeon.
You worshipped Lugonu.
Lugonu was aware of your devotion.
You were not hungry.

You visited 1 branch of the dungeon, and saw 2 of its levels.
You visited the Abyss 1 time.

You collected 29 gold pieces.

Inventory:

Hand Weapons
 a - a +1 spear (weapon)
Missiles
 f - 29 poisoned darts (quivered)
Armour
 b - a +0 leather armour (worn)
Scrolls
 d - a scroll of fear {unknown}
 e - a scroll of blinking {unknown}
 h - a scroll of noise {unknown}
Potions
 g - 2 potions of curing {unknown}
 i - a potion of heal wounds {unknown}
Comestibles
 c - 3 rations


   Skills:
 * Level 3.2 Fighting
 - Level 1.7 Polearms
 + Level 1.9 Armour
 + Level 1.1 Dodging
 + Level 0.2 Unarmed Combat
 + Level 2.5 Invocations


You couldn't memorise any spells.
You didn't know any spells.
Your spell library was empty.

Dungeon Overview and Level Annotations

Branches:
Dungeon (2/15)

Altars:


Message History

The bat hits you but does no damage. The goblin barely misses you.
The worm bites you.
You barely miss the worm.
The worm is lightly wounded.
The bat closely misses you. The goblin closely misses you.
The bat hits you but does no damage.
You hit the worm. You punch the worm.
The worm is heavily wounded.
The bat hits you but does no damage. The bat hits you.
The goblin hits you but does no damage. The worm barely misses you.
You hit the worm.
The worm is heavily wounded.
The bat hits you but does no damage. x3; The goblin hits you.
The bat closely misses you.
You hit the worm.
The worm is severely wounded.
The bat hits you but does no damage. The goblin hits you but does no damage.
The worm bites you!
Ouch! That really hurt!
You die...

#.. #.# #
$.# #.#.#
.#.## .#
.g.#### ..
#wg...# #.
##@#
#.##b.#
..#w##
#.#.#
#.#.#
#...#
##..#
#####.####
#........#


You could see 2 worms, a hobgoblin, a goblin and a bat.

Vanquished Creatures
  A giant cockroach (D:2)
  2 goblins
  A kobold (D:1)
  A bat (D:1)
  A frilled lizard (D:2)
  2 rats (D:1)
8 creatures vanquished.

Notes
Turn   | Place    | Note
-------+----------+-------------------------------------------
     0 | Abyss:1  | Mithandil the Demonspawn Abyssal Knight began the quest for
                  | the Orb.
     0 | Abyss:1  | Reached XP level 1. HP: 18/18 MP: 2/2
    48 | Abyss:1  | Noticed an ancient zyme
    48 | Abyss:1  | Noticed a phantasmal warrior
    49 | D:1      | Escaped the Abyss
   176 | D:1      | Reached skill level 1 in Dodging
   224 | D:2      | Reached * piety under Lugonu
   375 | D:2      | Slain by a worm

Levels and vault maps discovered:
D:1:      saegor_arrival_simple_d, layout_loops_ring
D:2:      layout_rooms, minmay_octomino_c4

Skill      XL: |  1 |
---------------+----+-----
Dodging        | 1 |  1.1
Fighting       | |  3.2
Polearms       | |  1.7
Armour         | |  1.9
Unarmed Combat | |  0.2
Invocations    | |  2.5

Action                   || total
-------------------------++-------
Melee: Spear             ||    29
       Punch             ||     1
Invok: Depart the Abyss  ||     1
Armor: Leather armour    ||    15
Dodge: Dodged            ||    27

Table legend:
 A = Non-vault XP
 B = Vault XP
 C = Vault XP percentage of total XP
 D = Non-vault monster count
 E = Vault monster count
 F = Vault count percentage of total count
                 A         B        C        D         E       F
            +---------+---------+-------+---------+---------+-------
      Total |       9 |       2 |  18.2 |       7 |       1 |  12.5
            +---------+---------+-------+---------+---------+-------
        D:1 |       7 |       0 |   0.0 |       5 |       0 |   0.0
        D:2 |       2 |       2 |  50.0 |       2 |       1 |  33.3
            +---------+---------+-------+---------+---------+-------
